 Dungeon Crawl Stone Soup version 0.24.0-13-gcf9b3192b9 (webtiles) character file.

Game seed: 7938182943473953238, levelgen mode: deterministic

989 no0bjke the Cleaver (level 8, -1/46 HPs)
             Began as a Gargoyle Fighter on Nov 5, 2019.
             Was a Believer of Okawaru.
             Slain by a killer bee (6 damage)
             ... on level 6 of the Dungeon.
             The game lasted 00:06:40 (5417 turns).

no0bjke the Cleaver (Gargoyle Fighter)              Turns: 5417, Time: 00:06:41

Health: -1/46      AC: 14    Str: 25    XL:     8   Next: 18%
Magic:  7/8        EV:  3    Int: 10    God:    Okawaru [**....]
Gold:   318        SH: 14    Dex:  9    Spells: 7/7 levels left

rFire    . . .     SeeInvis .   a - +0 war axe
rCold    . . .     Gourm    .   z - +0 large shield
rNeg     + . .     Faith    .   s - +0 chain mail
rPois    ∞         Spirit   .   (no helmet)
rElec    +         Reflect  .   (no cloak)
rCorr    .         Harm     .   (no gloves)
MR       .....                  (no boots)
Stlth    ..........             (no amulet)
HPRegen  0.15/turn              c - +4 ring of strength
MPRegen  0.11/turn              (no ring)

@: no status effects
A: negative energy resistance 1, electricity resistance, unbreathing,
petrification resistance, rot immunity, AC +5
a: Heroism, Renounce Religion


You were on level 6 of the Dungeon.
You worshipped Okawaru.
Okawaru was pleased with you.
You were very hungry.

You visited 2 branches of the dungeon, and saw 8 of its levels.

You collected 318 gold pieces.

Inventory:

Hand Weapons
 a - a +0 war axe (weapon)
Armour
 s - a +0 chain mail (worn)
 z - a +0 large shield (worn)
Jewellery
 c - a +4 ring of strength (left hand)
Wands
 v - a wand of polymorph (8)
Scrolls
 b - 2 scrolls of blinking {unknown}
 g - 3 scrolls of teleportation {unknown}
 h - 8 scrolls of identify {unknown}
 j - 2 scrolls of magic mapping {unknown}
 k - a scroll of amnesia {unknown}
 m - 2 scrolls of noise {unknown}
 r - 4 scrolls of remove curse {unknown}
 t - a scroll of immolation {unknown}
 u - 4 scrolls of fear {unknown}
 w - a scroll of enchant armour {unknown}
 y - a scroll of acquirement {unknown}
 A - a scroll of vulnerability {unknown}
Potions
 d - a potion of might
 e - 4 potions of flight {unknown}
 i - 5 potions of curing {unknown}
 l - a potion of brilliance {unknown}
 n - a potion of magic {unknown}
 o - a potion of degeneration {unknown}
 p - a potion of mutation {unknown}
 q - 2 potions of heal wounds {unknown}
 x - a potion of cancellation {unknown}
Comestibles
 f - 15 rations


   Skills:
 - Level 3.2 Fighting
 * Level 8.6 Axes
 - Level 3.2 Armour
 - Level 3.2 Shields


You had 7 spell levels left.
You didn't know any spells.
Your spell library contained the following spells:

 Spells                   Type           Power        Failure   Level  Hunger
 Corona                   Hex            #......      100%        1    ##.....
 Ensorcelled Hibernation  Hex/Ice        #.....       100%        2    ###....
 Confuse                  Hex            #.......     100%        3    ####...
 Dazzling Spray           Conj/Hex       #.....       100%        3    ####...
 Tukima's Dance           Hex            #.......     100%        3    ####...


Dungeon Overview and Level Annotations

Branches:
Dungeon (7/15)             Temple (1/1) D:4

Altars:
Ashenzari
Cheibriados
Dithmenos
Hepliaklqana
Kikubaaqudgha
Makhleb
Okawaru
Qazlal
Ru
Sif Muna
Trog
Uskayaw
Vehumet
Wu Jian
Xom
Yredelemnul
Zin
The Shining One
Lugonu

Annotations:
D:7 Dowan, Duvessa


Innate Abilities, Weirdness & Mutations

You are resistant to torment.
Your stone body is resilient. (AC +5)
You are immune to poison.
You resist negative energy. (rN+)
You are resistant to electric shocks. (rElec)
You can survive without breathing.
You are immune to petrification.
You are immune to rotting.


Message History

The killer bee stings you but does no damage. x2
You hit the killer bee but do no damage.
You block the killer bee's attack. x2
You slice the killer bee!!
You kill the killer bee!
Okawaru accepts your kill. The killer bee closely misses you.
You closely miss the killer bee.
You feel like a meek peon again. You block the killer bee's attack. x2
You closely miss the killer bee. You block the killer bee's attack. x2
You miss the killer bee. You block the killer bee's attack.
The killer bee stings you.
* * * LOW HITPOINT WARNING * * *
You miss the killer bee. You block the killer bee's attack. x2
The killer bee stings you but does no damage.
You slash the killer bee!
The killer bee is almost dead.
You block the killer bee's attack. The killer bee stings you.
You die...

...........####
..............#
##.###.###.##># #.#
#.# #.##.# #.# #.#
#.##.# #.# #.###.##.#
##.###........#
........##.#..#######
##..##.###..(>.y@...#
##..#...####.[#####.#
##......(###..# #.#
##............# #.#
###......###.#### #.#
# #.#<..## #....# #.#
###.##.## ####.# #.#
##.....# #.# #.#
##.###.# #.# #.#


You could see a killer bee.

Vanquished Creatures
  A sky beast (D:5)
  An ogre (D:5)
  2 scorpions
  2 killer bees (D:6)
  3 howler monkeys
  3 crimson imps
  3 hounds
  An orc priest (D:4)
  A centaur skeleton (D:5)
  4 worker ants
  4 adders
  A shadow imp (D:6)
  3 worms
  An adder skeleton (D:4)
  2 dart slugs (D:2)
  3 leopard geckos
  14 orcs
  2 ball pythons
  6 bats
  5 giant cockroaches
  12 goblins
  5 hobgoblins
  4 jackals (D:1)
  7 quokkas
  8 frilled lizards
  10 kobolds
  7 rats
115 creatures vanquished.

Notes
Turn   | Place    | Note
-------+----------+-------------------------------------------
     0 | D:1      | no0bjke the Gargoyle Fighter began the quest for the Orb.
     0 | D:1      | Reached XP level 1. HP: 14/14 MP: 1/1
    41 | D:1      | Reached skill level 2 in Axes
    55 | D:1      | Reached XP level 2. HP: 15/19 MP: 2/2
   414 | D:1      | Reached skill level 3 in Axes
   625 | D:2      | Found a stormy altar of Qazlal.
   641 | D:2      | Reached XP level 3. HP: 23/23 MP: 3/3
   684 | D:2      | Found a shimmering blue altar of Sif Muna.
   733 | D:2      | Found a hazy altar of Hepliaklqana.
  1022 | D:2      | Reached XP level 4. HP: 28/28 MP: 4/4
  1525 | D:3      | Found a snail-covered altar of Cheibriados.
  1525 | D:3      | Found a stormy altar of Qazlal.
  1525 | D:3      | Found a hide-covered altar of Uskayaw.
  1525 | D:3      | Found a sacrificial altar of Ru.
  1544 | D:3      | Reached skill level 4 in Axes
  2269 | D:4      | Reached XP level 5. HP: 27/32 MP: 5/5
  2680 | D:4      | Found a staircase to the Ecumenical Temple.
  2696 | Temple   | Entered the Ecumenical Temple
  2715 | Temple   | Became a worshipper of Warmaster Okawaru
  2737 | D:4      | Found a glowing golden altar of the Shining One.
  2748 | D:4      | Found a basalt altar of Yredelemnul.
  2770 | D:4      | Reached skill level 5 in Axes
  3021 | D:4      | Found a glowing golden altar of the Shining One.
  3105 | D:4      | Reached XP level 6. HP: 34/37 MP: 6/6
  3144 | D:4      | Reached skill level 6 in Axes
  3359 | D:4      | Noticed an angel
  3384 | D:5      | Entered Level 5 of the Dungeon
  3485 | D:4      | Reached * piety under Okawaru
  3662 | D:5      | Noticed a yak
  3663 | D:5      | Noticed a yak
  3665 | D:5      | Noticed a yak
  3814 | D:5      | Reached XP level 7. HP: 37/41 MP: 7/7
  3994 | D:5      | Reached skill level 7 in Axes
  3996 | D:5      | Found a shattered altar of Ashenzari.
  4771 | D:6      | Reached skill level 8 in Axes
  5075 | D:6      | Found a burning altar of Makhleb.
  5110 | D:6      | Reached XP level 8. HP: 42/46 MP: 8/8
  5284 | D:7      | Noticed Duvessa
  5286 | D:7      | Noticed Dowan
  5297 | D:6      | Reached ** piety under Okawaru
  5417 | D:6      | Slain by a killer bee

Levels and vault maps discovered:
D:1:      lemuel_arrival_broad_hall, layout_rooms
D:2:      layout_basic, amethyst_overflow_temple_binary, grunt_qazlal_sundering
D:3:      layout_loops_ring, grunt_temple_overflow_open, hex_medium,
          minmay_misc_feat_diagonals
D:4:      layout_basic, grunt_temple_overflow_holy_war,
          minmay_temple_entry_offerings, first_ration, skrybe_limestone_x,
          minivault_24, nicolae_tso_swordbearing_angel
D:5:      layout_loops_cross, ashenzari_conservatory_becter
D:6:      layout_loops_ring, makhleb_grotto_becter
D:7:      layout_rooms, serial_shops, shop, grunt_livestock, uniq_duvessa
Temple:   corrupted_temple

Skill      XL: |  1  2  3  4  5  6  7 |
---------------+----------------------+-----
Axes           | 2 3 4 5 6 8 |  8.6
Fighting       | |  3.2
Armour         | |  3.2
Shields        | |  3.2

Action                   |  1- 3 |  4- 6 |  7- 9 || total
-------------------------+-------+-------+-------++-------
Melee: War axe           |   132 |   220 |   175 ||   527
Invok: Heroism           |       |       |     1 ||     1
  Eat: Chunk             |     1 |     9 |     4 ||    14
Armor: Scale mail        |    57 |    39 |       ||    96
       Chain mail        |       |    90 |   113 ||   203
Dodge: Dodged            |    41 |    54 |    29 ||   124
Block: Shield            |    67 |   115 |    24 ||   206
       Large shield      |       |       |    91 ||    91
